 Dungeon Crawl Stone Soup version 0.30-a0-867-g305f33218d (webtiles) character file.

Game seed: 1341389959957482914

900 Jeffwins the Shooter (level 8, -4/52 HPs)
             Began as a Human Wanderer on Mar 10, 2023.
             Was an Initiate of Vehumet.
             Slain by Edmund
             ... wielding a +6 flail of protection
              (10 damage)
             ... on level 5 of the Dungeon.
             The game lasted 00:06:24 (4895 turns).

Jeffwins the Shooter (Human Wanderer)               Turns: 4895, Time: 00:06:24

Health: -4/52      AC:  8    Str: 17    XL:     8   Next: 28%
Magic:  8/13       EV: 11    Int: 17    God:    Vehumet [......]
Gold:   301        SH:  0    Dex: 12    Spells: 8/14 levels left

rFire   . . .      SeeInvis .    k - +0 shortbow
rCold   . . .      Faith    .    (shield currently unavailable)
rNeg    . . .      Spirit   .    i - +1 ring mail {Will+}
rPois   +          Reflect  .    w - +0 helmet
rElec   .          Rampage  .    (no cloak)
rCorr   .                        (no gloves)
Will    +....                    e - +0 pair of boots
Stlth   +                        (no amulet)
HPRegen 0.28/turn                S - +6 ring of strength
MPRegen 0.13/turn                P - ring of poison resistance

@: no status effects
A: no striking features
a: Renounce Religion


You were on level 5 of the Dungeon.
You worshipped Vehumet.
Vehumet was noncommittal.
You visited 2 branches of the dungeon, and saw 6 of its levels.

You collected 301 gold pieces.


   Skills:
 * Level 4.0 Ranged Weapons
 - Level 2.0 Dodging
 + Level 2.8 Stealth
 + Level 3.9 Spellcasting
 + Level 2.3 Conjurations
 * Level 3.7 Fire Magic
 + Level 2.4 Air Magic
 + Level 2.2 Poison Magic
 - Level 1.0 Invocations
 + Level 3.4 Evocations


You had 8 spell levels left.
You knew the following spells:

 Your Spells              Type           Power      Damage    Failure   Level
e - Beastly Appendage     Tmut           6%         N/A       30%         1
m - Mephitic Cloud        Conj/Pois/Air  11%        N/A       34%         3
z - Scorch                Fire           32%        2d7       10%         2

Your spell library contained the following spells:

 Spells                   Type           Power      Damage    Failure   Level
 Confusing Touch          Hex            3%         N/A       65%         3

Inventory:

Hand Weapons
 a - a +0 sling
 k - a +0 shortbow (weapon)
Missiles
 m - 3 poisoned darts (quivered)
Armour
 d - a +0 robe
 e - a +0 pair of boots (worn)
 i - a +1 ring mail of willpower (worn)
 w - a +0 helmet (worn)
 y - a +1 helmet
Magical Staves
 s - a staff of death
Jewellery
 C - a ring of protection from cold
 P - a ring of poison resistance (right hand)
 S - a +6 ring of strength (left hand)
Wands
 b - a wand of flame (6)
Scrolls
 c - a scroll of teleportation {@r4}
 f - a scroll of amnesia {unknown}
 g - 2 scrolls of blinking {unknown}
 h - 3 scrolls of enchant weapon {unknown}
 l - a scroll of enchant armour {unknown}
 n - a scroll of noise {unknown}
 p - 4 scrolls of identify {unknown}
 r - a scroll of fear {unknown}
 x - a scroll of magic mapping {unknown}
Potions
 j - 2 potions of brilliance {unknown}
 o - 3 potions of haste {unknown}
 q - a potion of magic
 t - a potion of heal wounds {unknown}
 u - 2 potions of curing {@q1}
 v - a potion of attraction {unknown}
 z - a potion of degeneration {unknown}
 A - a potion of invisibility {unknown}

Dungeon Overview and Level Annotations

Branches:
Dungeon (5/15)             Temple (1/1) D:4

Altars:
Ashenzari
Dithmenos
Elyvilon
Hepliaklqana
Kikubaaqudgha
Makhleb
Nemelex Xobeh
Okawaru
Ru
Trog
Vehumet
Wu Jian
Xom
Yredelemnul
Zin
The Shining One

Annotations:
D:5 Dowan, Duvessa, Edmund

#......# #......#
#......# #......#
#############......#####
#.......................
#.......................
#.......................
#.....@@..[..######.....
'..(..†......#....'.....
#.(..........#....#.....
.....#########....####'#
e....#.............#....
.... #.............#....
... #.............#....
... #.............#....
##...####....##....


You could see Edmund (combustible) and Duvessa.


Message History

Casting: Scorch (safe; 10% risk of failure)
Confirm with . or Enter, or press ? or * to list all spells.
You don't have enough magic to cast this spell.
Unknown command.
It was a potion of magic.
Magic courses through your body.
Edmund hits you with a +6 flail of protection.
* * * LOW HITPOINT WARNING * * *
Your magical contamination has completely faded away.
Unknown command.
Casting: Scorch (safe; 10% risk of failure)
Confirm with . or Enter, or press ? or * to list all spells.
Flames lash Edmund but do no damage.
You hear a shout!
Edmund hits you with a +6 flail of protection!
* * * LOW HITPOINT WARNING * * *
Unknown command.
Casting: Scorch (safe; 10% risk of failure)
Confirm with . or Enter, or press ? or * to list all spells.
Flames lash Edmund.
Edmund is burned terribly!
Edmund is severely wounded.
Edmund hits you with a +6 flail of protection.
* * * LOW HITPOINT WARNING * * *
Unknown command.
Casting: Scorch (safe; 10% risk of failure)
Confirm with . or Enter, or press ? or * to list all spells.
Flames lash Edmund.
Edmund is burned terribly!
Edmund is almost dead.
Duvessa, Sister of Dowan comes into view.
She is wielding a +0 short sword.
Edmund hits you with a +6 flail of protection!
You die...

Skill      XL: |  1  2  3  4  5  6  7  8 |
---------------+-------------------------+-----
Fire Magic     | 1 2 3 |  3.7
Ranged Weapons | 2 3 4 |  4.0
Stealth        | 1 2 |  2.8
Conjurations   | 1 2 |  2.3
Air Magic      | 1 2 |  2.4
Poison Magic   | 1 2 |  2.2
Evocations     | 3 |  3.4
Dodging        | |  2.0
Spellcasting   | |  3.9
Invocations    | |  1.0

Action                     |  1- 3 |  4- 6 |  7- 9 || total
---------------------------+-------+-------+-------++-------
   Fire: Sling             |    96 |       |       ||    96
         Shortbow          |    32 |    97 |    45 ||   174
  Throw: Dart              |       |       |     3 ||     3
   Cast: Scorch            |     2 |    20 |    50 ||    72
    Use: Potion            |     1 |       |     1 ||     2
         Scroll            |       |       |     1 ||     1
 Armour: Robe              |     2 |       |       ||     2
         Ring mail         |    21 |    33 |     7 ||    61
  Dodge: Dodged            |    41 |    38 |    19 ||    98

Levels and vault maps discovered:
D:1:      reono_arrival_mine, layout_basic, shapermc_ecumenical_altar_pompeii,
          minmay_pentomino_p4
D:2:      layout_loops_corners, basic_altar, serial_park_tiny_2,
          serial_bayou_lagoon_a
D:3:      layout_rooms, nicolae_elevator_lobby_asterisk
D:4:      layout_basic, minmay_temple_entry_statues
D:5:      layout_gridville, mainiacjoe_overflow_concentric_impassable,
          nzn_wu_jian_council_hall, uniq_crazy_yiuf_cottage, uniq_duvessa,
          uniq_edmund
Temple:   nicolae_temple_two_arcs

Notes
Turn   | Place    | Note
-------+----------+-------------------------------------------
     0 | D:1      | Jeffwins the Human Wanderer began the quest for the Orb.
     0 | D:1      | Jeffwins set off with the following items: a +0 sling, a
                  | wand of flame (6), a scroll of teleportation {@r4}, a +0
                  | robe; and the following spell memorised: Beastly Appendage;
                  | and the following spells available to memorise: Scorch,
                  | Confusing Touch, Mephitic Cloud.
     0 | D:1      | Reached XP level 1. HP: 13/13 MP: 4/4
   241 | D:1      | Reached XP level 2. HP: 19/19 MP: 6/6
   638 | D:1      | Learned a level 2 spell: Scorch
   639 | D:1      | Found a faded altar of an unknown god.
   774 | D:1      | Reached XP level 3. HP: 24/24 MP: 7/7
   778 | D:1      | Learned a level 3 spell: Mephitic Cloud
   905 | D:1      | Reached skill level 1 in Fire Magic
  1837 | D:2      | Found a shimmering altar of Xom.
  1842 | D:2      | Reached XP level 4. HP: 30/30 MP: 8/8
  1902 | D:2      | Reached skill level 2 in Ranged Weapons
  2040 | D:2      | Reached skill level 1 in Stealth
  2318 | D:3      | Noticed a scorpion
  2321 | D:3      | Killed a scorpion
  2322 | D:3      | Reached XP level 5. HP: 35/35 MP: 6/10
  2327 | D:3      | Reached skill level 1 in Conjurations
  2420 | D:3      | Noticed an ogre
  2430 | D:3      | Killed an ogre
  2431 | D:3      | Reached skill level 2 in Fire Magic
  2431 | D:3      | Reached skill level 1 in Air Magic
  2431 | D:3      | Reached skill level 1 in Poison Magic
  2431 | D:3      | Reached XP level 6. HP: 41/41 MP: 6/11
  2907 | D:4      | Reached skill level 3 in Ranged Weapons
  3256 | D:4      | Reached XP level 7. HP: 46/46 MP: 7/12
  3265 | D:4      | Reached skill level 2 in Stealth
  3449 | D:4      | Reached skill level 3 in Fire Magic
  3449 | D:4      | Reached skill level 3 in Evocations
  3570 | D:4      | Reached skill level 2 in Air Magic
  3756 | D:4      | Found a staircase to the Ecumenical Temple.
  3838 | Temple   | Entered the Ecumenical Temple
  3848 | Temple   | Became a worshipper of Vehumet
  3904 | D:5      | Entered Level 5 of the Dungeon
  3984 | D:5      | Reached skill level 2 in Conjurations
  4051 | D:5      | Reached skill level 2 in Poison Magic
  4163 | D:5      | Reached XP level 8. HP: 52/52 MP: 8/13
  4216 | D:5      | Found an ornate altar of the Wu Jian Council.
  4362 | D:5      | Found a glowing silver altar of Zin.
  4543 | D:5      | Reached skill level 4 in Ranged Weapons
  4698 | D:5      | Noticed Edmund
  4700 | D:5      | Noticed Dowan
  4895 | D:5      | Noticed Duvessa
  4895 | D:5      | Slain by Edmund

Vanquished Creatures
  A sky beast (D:4)
  2 ogres
  A phantom (D:4)
  3 scorpions
  A hound (D:4)
  A sleepcap (D:5)
  5 iguanas
  An orc wizard (D:4)
  7 adders
  3 gnolls (D:5)
  A worm (D:4)
  4 dart slugs
  7 orcs
  4 bats
  13 endoplasms
  4 giant cockroaches
  6 goblins
  3 hobgoblins
  2 jackals (D:2)
  4 quokkas
  5 ball pythons
  3 frilled lizards
  5 kobolds
  4 rats
90 creatures vanquished.

Table legend: (Time is in decaauts)
 A = Elapsed time spent in this place.
 B = Non-inter-level travel time spent in this place.
 C = Inter-level travel time spent in this place.
 D = Time resting spent in this place.
 E = Time spent auto-exploring this place.
 F = Levels seen in this place.
 G = Mean time per level.
                   A        B        C        D        E       F      G
               +--------+--------+--------+--------+--------+-----+--------+
         Total |   5011 |   4846 |    165 |    131 |   3907 |   6 |  835.2 |
       Dungeon |   4992 |   4834 |    158 |    131 |   3907 |   5 |  998.4 |
        Temple |     18 |     11 |      7 |      0 |      0 |   1 |   18.0 |
               +--------+--------+--------+--------+--------+-----+--------+

Top non-repeatable levels by time:
     D:1: 1241 daAuts
     D:2: 1043 daAuts
     D:4: 1028 daAuts
     D:5: 999 daAuts
     D:3: 679 daAuts
  Temple: 18 daAuts

Table legend:
 A = Non-vault XP
 B = Vault XP
 C = Vault XP percentage of total XP
 D = Non-vault monster count
 E = Vault monster count
 F = Vault count percentage of total count
                 A         B        C        D         E       F
            +---------+---------+-------+---------+---------+-------
      Total |    1282 |       4 |   0.3 |      88 |       2 |   2.2
            +---------+---------+-------+---------+---------+-------
        D:1 |      34 |       4 |  10.5 |      20 |       2 |   9.1
        D:2 |      55 |       0 |   0.0 |      17 |       0 |   0.0
        D:3 |     277 |       0 |   0.0 |      19 |       0 |   0.0
        D:4 |     513 |       0 |   0.0 |      20 |       0 |   0.0
        D:5 |     403 |       0 |   0.0 |      12 |       0 |   0.0
            +---------+---------+-------+---------+---------+-------
